[Event "*** Titled Tuesday Blitz"]
[Site "Chess.com"]
[Date "2021.03.09"]
[Round "4"]
[White "VladaSviridova"]
[Black "yonaltimur"]
[Result "1-0"]
[WhiteElo "2216"]
[BlackElo "1814"]
[TimeControl "180+1"]
[EndTime "10:40:51 PST"]
[Termination "VladaSviridova won on time"]

1. d4 d5 2. c4 dxc4 3. Nf3 a6 4. a4 Nf6 5. e3 e6 6. Bxc4 Be7 7. O-O O-O 8. Nc3 Nbd7 9. Qe2 b6 10. Rd1 Bb7 11. e4 c6 12. Bf4 Nh5 13. Be3 Nhf6 14. h3 Qc7 15. Rac1 Rac8 16. e5 Ne8 17. Bxa6 Qb8 18.
Bc4 Nc7 19. Bg5 Bxg5 20. Nxg5 h6 21. Nge4 Nd5 22. Nd6 Rc7 23. Nxd5 cxd5 24. Bb5 Rd8 25. Qd2 Rxc1 26. Rxc1 Nf8 27. Rc3 Rc8 28. Nxc8 Bxc8 29.
Qc2 Bd7 30. Bxd7 1-0

[Event "*** Titled Tuesday Blitz"]
[Site "Chess.com"]
[Date "2021.03.09"]
[Round "4"]
[White "suneebaker"]
[Black "atbenina64"]
[Result "0-1"]
[WhiteElo "2221"]
[BlackElo "2510"]
[TimeControl "180+1"]
[EndTime "10:40:52 PST"]
[Termination "atbenina64 won by resignation"]

1. Nf3 Nf6 2. g3 g6 3. Bg2 Bg7 4. O-O O-O 5. c4 c5 6. Nc3 Nc6 7. d4 cxd4 8. Nxd4 Qa5 9. Nc2 Qh5 10. h3 d6 11. g4 Bxg4 12. hxg4 Nxg4 13. Bf4 Be5 14. Qd2 g5 15. Bxe5 Ncxe5 16. Rfb1 Qh2+ 17. Kf1 Qh4 18. Ne4 h6 19. Ng3 f5 20. Nd4 Nxf2 21.
Ndxf5 Nfg4 22. Qd5+ Kh8 23. Qe6 Qxg3 24. Kg1 Qh2+ 25. Kf1 Rxf5+ 26. Qxf5 Ne3+ 0-1

[Event "*** Titled Tuesday Blitz"]
[Site "Chess.com"]
[Date "2021.03.09"]
[Round "4"]
[White "niki_2003"]
[Black "noblerone"]
[Result "0-1"]
[WhiteElo "2048"]
[BlackElo "2395"]
[TimeControl "180+1"]
[EndTime "10:40:52 PST"]
[Termination "noblerone won by resignation"]

1. e4 c5 2. Nf3 e6 3. d4 cxd4 4. Nxd4 Qb6 5. Nc3 Bc5 6. Be3 Nc6 7. Ndb5 Bxe3 8. Nd6+ Ke7 9. fxe3 Qxe3+ 10. Be2 Qc5 11. Nxc8+ Rxc8 12. Qd2 Nf6 13. O-O-O Rhd8 14. g4 d6 15. g5 Nd7 16. Rhf1 Nce5 17. Nb5 Nb6 18. Nc3 Nbc4 19. Bxc4 Nxc4 20. Qf4 Qe3+ 21. Qxe3 Nxe3 22. Rde1 Nxf1 23. Rxf1 a6 24. Ne2 Rc4 25. Ng3 b5 26. b3 Rc3 27. Kb2 Rdc8 28. Rd1 Rxc2+ 29. Ka3 a5 0-1

[Event "*** Titled Tuesday Blitz"]
[Site "Chess.com"]
[Date "2021.03.09"]
[Round "4"]
[White "Lestofante90"]
[Black "PotapovaM"]
[Result "1-0"]
[WhiteElo "2741"]
[BlackElo "2518"]
[TimeControl "180+1"]
[EndTime "10:40:53 PST"]
[Termination "Lestofante90 won by resignation"]

1. Nf3 Nf6 2. g3 b6 3. Bg2 Bb7 4. O-O e6 5. b3 Be7 6. Bb2 O-O 7. c4 d5 8. e3 c5 9. Nc3 dxc4 10.
bxc4 Nc6 11. Qe2 Rc8 12. Ne1 Qc7 13. f4 Rfd8 14. g4 Ne8 15. Rb1 Nd6 16. Ba1 Na5 17.
d3 Bxg2 18. Nxg2 Rd7 19. f5 Rcd8 20. fxe6 fxe6 21. Nf4 Re8 22. Nxe6 Qc6 23. Nd5 Ndxc4 24. Nxg7 Qxd5 25. dxc4 Nxc4 26. Nxe8 Qe4 27. Rbd1 Rxd1 28. Rxd1 Nxe3 29. Re1 c4 30. Qxe3 1-0

[Event "*** Titled Tuesday Blitz"]
[Site "Chess.com"]
[Date "2021.03.09"]
[Round "4"]
[White "Sjakkerntobi"]
[Black "SanchezKelvin"]
[Result "1-0"]
[WhiteElo "2379"]
[BlackElo "2582"]
[TimeControl "180+1"]
[EndTime "10:40:55 PST"]
[Termination "Sjakkerntobi won by resignation"]

1. e4 c5 2. Nf3 d6 3. d4 cxd4 4. Qxd4 Nc6 5. Bb5 Qa5+ 6. Nc3 Qxb5 7. Nxb5 Nxd4 8. Nfxd4 Kd8 9. c4 Bd7 10. Nc3 a6 11. f3 Rc8 12. Be3 Rxc4 13. O-O Nf6 14. Rac1 e6 15. Nb3 Kc8 16. Na5 Rc7 17. Bb6 Ne8 18.
Bxc7 Nxc7 19. Rfd1 Kb8 20. Nc4 Ne8 21. a4 Be7 22. b4 h5 23. b5 axb5 24. axb5 h4 25. Nb6 Nf6 26. e5 Bd8 27. Nca4 Bxb5 28. exf6 Bxf6 29. Rxd6 Ka7 30. Nc3 Bc6 31. Nc4 Bg5 32.
Ra1+ Kb8 33. Na5 Kc7 34. Rdd1 Bf6 35. Rac1 Kb6 36. Nc4+ Kc7 37. Ne4 Be7 38. Ne5 Kb8 39. Rxc6 1-0

[Event "*** Titled Tuesday Blitz"]
[Site "Chess.com"]
[Date "2021.03.09"]
[Round "4"]
[White "Nikolakis2014"]
[Black "ikhasu"]
[Result "1-0"]
[WhiteElo "2602"]
[BlackElo "2386"]
[TimeControl "180+1"]
[EndTime "10:40:56 PST"]
[Termination "Nikolakis2014 won on time"]

1. Nf3 Nf6 2. c4 c5 3. Nc3 d5 4. cxd5 Nxd5 5. e3 g6 6. Bb5+ Bd7 7. Bxd7+ Qxd7 8. Ne5 Qe6 9. Qa4+ Kd8 10. Nf3 Nxc3 11. dxc3 Nc6 12. O-O Bg7 13. Rd1+ Kc7 14. e4 Rad8 15.
Bf4+ Kc8 16. h3 h6 17. Be3 b6 18. Qc2 g5 19. a4 Rxd1+ 20. Rxd1 Rd8 21. Ra1 Na5 22.
Nd2 c4 23. Nf3 Rd3 24. Re1 Qd7 25. Bd4 Bxd4 26. cxd4 f6 27. b4 g4 28. hxg4 Qxg4 29.
Nh2 Qf4 30. bxa5 Rd2 31. Qxc4+ Kb8 32. Nf3 1-0

[Event "*** Titled Tuesday Blitz"]
[Site "Chess.com"]
[Date "2021.03.09"]
[Round "4"]
[White "Beca95"]
[Black "davigator"]
[Result "1-0"]
[WhiteElo "2876"]
[BlackElo "2383"]
[TimeControl "180+1"]
[EndTime "10:40:58 PST"]
[Termination "Beca95 won by resignation"]

1. e4 c5 2. Nc3 Nc6 3. Bb5 Nd4 4. Nf3 e6 5. Bd3 Nc6 6. O-O d6 7. Bb5 Bd7 8. Bxc6 Bxc6 9. d4 cxd4 10. Nxd4 Bd7 11. Re1 Nf6 12. Bg5 Be7 13. Qf3 O-O 14. Rad1 Qb6 15. Nb3 Bc6 16. Qg3 Kh8 17. Qh4 Rfe8 18.
Rd3 Ng8 19. Bxe7 Rxe7 20. Rxd6 Qc7 21. Red1 h6 22. e5 a5 23. a4 Rae8 24. Qd4 h5 25. Qh4 g6 26. Qg5 Kg7 27. h3 Qb6 28. R1d4 Nh6 29.
g4 hxg4 30. hxg4 Qc7 31. Rd3 Ng8 32. Rh3 f6 33. Qf4 Rf8 34. Nd4 Bd5 35. Qh2 Kf7 36.
Ncb5 Qc5 37. Rxd5 Qxd5 38. Nd6+ Qxd6 39. exd6 Rd7 40. Rh7+ Ke8 41. Nxe6 Rff7 42. Rh8 Rxd6 43. Qxd6 1-0

[Event "*** Titled Tuesday Blitz"]
[Site "Chess.com"]
[Date "2021.03.09"]
[Round "4"]
[White "KonstantinB_1983"]
[Black "Fortitudine"]
[Result "1-0"]
[WhiteElo "2506"]
[BlackElo "2311"]
[TimeControl "180+1"]
[EndTime "10:40:58 PST"]
[Termination "KonstantinB_1983 won on time"]

1. Nf3 c5 2. d3 Nf6 3. e4 Nc6 4. Nbd2 g6 5. c3 Bg7 6. Be2 O-O 7. O-O d6 8. Re1 Bd7 9. h3 Rb8 10. Rb1 b5 11. b4 a5 12. a3 axb4 13. axb4 cxb4 14.
cxb4 e5 15. Nf1 Ne7 16. Ng3 Nc8 17. d4 exd4 18. Nxd4 Re8 19. Bf1 Qb6 20. Nb3 Bc6 21.
Be3 Qc7 22. Rc1 Qd7 23. f3 d5 24. Bf4 Ra8 25. e5 Nh5 26. Nxh5 gxh5 27. Nd4 Bb7 28. Bxb5 Qd8 29. Bxe8 Qxe8 30. Nf5 Bf8 31. Qd2 Nb6 32. Qf2 Qe6 33. Qg3+ Kh8 34. Bg5 h6 35. Bf6+ Kh7 36.
Nd4 Qd7 37. Qf4 1-0

[Event "*** Titled Tuesday Blitz"]
[Site "Chess.com"]
[Date "2021.03.09"]
[Round "4"]
[White "woodhy"]
[Black "lindsay790"]
[Result "1-0"]
[WhiteElo "2451"]
[BlackElo "2187"]
[TimeControl "180+1"]
[EndTime "10:40:59 PST"]
[Termination "woodhy won on time"]

1. e4 c5 2. Nf3 d6 3. d4 cxd4 4. Nxd4 Nf6 5. f3 g6 6. c4 Bg7 7.
Nc3 a6 8. Be3 O-O 9. Be2 Qc7 10.
O-O Nbd7 11. Rc1 e5 12. Nc2 b6 13. Nb4 Bb7 14. Nbd5 Qd8 15. Qd2 Nh5 16. Rfd1 f5 17. Bg5 Nhf6 18. Nxf6+ Bxf6 19. Bh6 Be7 20. Bxf8 Nxf8 21.
Rc2 Ne6 22. Nd5 Nd4 23. Qc3 Bg5 24. Rxd4 exd4 25. Qxd4 fxe4 26. f4 Bh6 27. Qxe4 Bxd5 28. Qxd5+ Kh8 29. Bf3 Rc8 30. g3 Bg7 31. b3 Rc5 32.
Qd3 Qe7 33. Rd2 Bf8 34. Kg2 b5 35. Re2 Qd7 36. cxb5 axb5 37. Rd2 Qc7 38. Bd5 Rc3 39. Qe4 1-0

[Event "*** Titled Tuesday Blitz"]
[Site "Chess.com"]
[Date "2021.03.09"]
[Round "4"]
[White "FairChess_on_YouTube"]
[Black "Aleksey_Sorokin"]
[Result "1-0"]
[WhiteElo "2971"]
[BlackElo "2777"]
[TimeControl "180+1"]
[EndTime "10:41:00 PST"]
[Termination "FairChess_on_YouTube won on time"]

1. Nf3 Nf6 2. c4 g6 3. Nc3 d5 4. cxd5 Nxd5 5. e4 Nxc3 6. bxc3 Bg7 7. Be2 c5 8. d4 Nc6 9. d5 Bxc3+ 10. Bd2 Bxa1 11.
Qxa1 Nd4 12. Nxd4 cxd4 13. Qxd4 f6 14. e5 Qb6 15. Qa1 fxe5 16. O-O O-O 17. Qxe5 Qd6 18. Qe4 Bf5 19. Qh4 Rac8 20. Bb4 Qxd5 21. Bxe7 Rf7 22. Bf3 Qxa2 23. Bf6 Bd3 24. Ba1 Qc4 25. Qg5 Qc5 26. Bd5 Bxf1 27. Qf6 1-0

[Event "*** Titled Tuesday Blitz"]
[Site "Chess.com"]
[Date "2021.03.09"]
[Round "4"]
[White "CSB7"]
[Black "kuba2006"]
[Result "1-0"]
[WhiteElo "2594"]
[BlackElo "2344"]
[TimeControl "180+1"]
[EndTime "10:41:00 PST"]
[Termination "CSB7 won on time"]

1. e4 Nf6 2. Nc3 e5 3. Nf3 Nc6 4. d4 exd4 5. Nxd4 Bb4 6. Nxc6 bxc6 7. Bd3 d5 8. exd5 cxd5 9. O-O O-O 10. h3 h6 11. Qf3 c6 12. Bf4 Bd6 13. Rfe1 Rb8 14. b3 Be6 15. Ne2 c5 16. Rad1 a5 17. Ng3 Bxf4 18.
Qxf4 Rb4 19. Qd2 Qc7 20. Bf5 Bxf5 21. Nxf5 a4 22. Ne7+ Kh8 23. Nxd5 Nxd5 24. Qxd5 axb3 25. axb3 c4 26. Rd4 Rc8 27. bxc4 Rb2 28. Rde4 Kh7 29. Re7 Qxc4 30. Qf5+ Kh8 31. Re8+ 1-0

[Event "*** Titled Tuesday Blitz"]
[Site "Chess.com"]
[Date "2021.03.09"]
[Round "4"]
[White "stoleriu"]
[Black "Eltaj_Safarli"]
[Result "0-1"]
[WhiteElo "2605"]
[BlackElo "2899"]
[TimeControl "180+1"]
[EndTime "10:41:02 PST"]
[Termination "Eltaj_Safarli won by resignation"]

1. e4 c5 2. Nf3 Nc6 3. Bb5 d6 4. O-O Bd7 5. Re1 Nf6 6. c3 a6 7. Bc4 Bg4 8. d4 e6 9. Be3 d5 10. exd5 Nxd5 11. h3 Bh5 12. Nbd2 Be7 13. Qb3 Na5 14.
Qd1 Nxc4 15. Nxc4 O-O 16. Nce5 f6 17. Ng4 cxd4 18. Qxd4 e5 19. Qc4 b5 20. Qb3 Bf7 21. Qc2 Rc8 22. Rad1 Qc7 23. a4 b4 24. Qd3 bxc3 25.
bxc3 Qc4 26. Qxc4 Rxc4 27. Ngxe5 fxe5 28. Nxe5 Rxc3 29. Bd4 Rc7 30. Nxf7 Rxf7 31. Be5 Rd7 32. Rb1 h6 33. Red1 Bf6 34. Bg3 Nc3 35. Rxd7 Rxd7 36.
Rb8+ Kf7 37. Ra8 Nxa4 38. Rxa6 Nc5 39. Ra2 Ne4 40. Kh2 Nxg3 41. Kxg3 Rd3+ 42. f3 h5 43. Ra5 Rd4 44. Rxh5 g5 45. Rh7+ Bg7 46. Rh5 Kg6 47. Rxg5+ Kxg5 0-1

[Event "*** Titled Tuesday Blitz"]
[Site "Chess.com"]
[Date "2021.03.09"]
[Round "4"]
[White "PowerThinking2650"]
[Black "halldorgretar"]
[Result "0-1"]
[WhiteElo "2427"]
[BlackElo "2252"]
[TimeControl "180+1"]
[EndTime "10:41:03 PST"]
[Termination "halldorgretar won by checkmate"]

1. e4 c5 2. Nf3 Nc6 3. d4 cxd4 4. Nxd4 Nf6 5. Nc3 e5 6. Ndb5 d6 7. Bg5 a6 8. Na3 b5 9. Nd5 Be7 10. Bxf6 Bxf6 11. c3 O-O 12. Nc2 Bg5 13. h4 Bh6 14. a4 bxa4 15. Rxa4 a5 16. Bc4 Rb8 17. b3 Kh8 18.
Nce3 f5 19. Nxf5 Bxf5 20. exf5 Rxf5 21. g4 Rf8 22. g5 Bxg5 23. hxg5 Qxg5 24. Bd3 e4 25.
Rxe4 Ne5 26. Rxh7+ Kg8 27. Rh1 Rbe8 28. Be2 Qg2 29.
Reh4 Nf3# 0-1

[Event "*** Titled Tuesday Blitz"]
[Site "Chess.com"]
[Date "2021.03.09"]
[Round "4"]
[White "albi1999"]
[Black "Chesspirate_Channel"]
[Result "1-0"]
[WhiteElo "2598"]
[BlackElo "2383"]
[TimeControl "180+1"]
[EndTime "10:41:04 PST"]
[Termination "albi1999 won by resignation"]

1. Nf3 Nc6 2. g3 d5 3. d4 Bg4 4. Bg2 Qd7 5. h3 Bf5 6. c3 a5 7. Na3 e6 8. Nb5 Bd6 9. O-O Nge7 10.
Nh4 O-O 11. Nxf5 Nxf5 12. e4 dxe4 13. Bxe4 Be7 14. a4 Nd6 15. Bg2 Ra6 16. Qe2 Bf6 17.
Bf4 Rb6 18. Rfd1 Ne7 19. c4 Ng6 20. Be3 Ra6 21. c5 Nxb5 22. axb5 Ra7 23. d5 exd5 24.
Rxd5 Qe6 25. Qc2 b6 26. Rad1 a4 27. cxb6 cxb6 28. Rd6 Qe5 29. Bxb6 Raa8 30. Bxa8 Rxa8 31. Rc6 Qxb2 32. Rc8+ Rxc8 33. Qxc8+ Nf8 34. Bc5 1-0

[Event "*** Titled Tuesday Blitz"]
[Site "Chess.com"]
[Date "2021.03.09"]
[Round "4"]
[White "TST2014"]
[Black "Hongjin"]
[Result "0-1"]
[WhiteElo "2617"]
[BlackElo "2497"]
[TimeControl "180+1"]
[EndTime "10:41:06 PST"]
[Termination "Hongjin won by checkmate"]

1. d4 e6 2. Nf3 d5 3. c4 Nf6 4. Nc3 Be7 5. Bf4 O-O 6. e3 Nbd7 7. c5 b6 8. c6 Nb8 9. Bb5 Nh5 10. Be5 f6 11. Bg3 Nxg3 12. hxg3 Qe8 13. Qa4 Bd6 14.
b4 a6 15. Bd3 Qxc6 16. Bxh7+ Kf7 17. Qc2 Bxb4 18. Rc1 Qxc3+ 19. Qxc3 Bxc3+ 20. Rxc3 c6 21. g4 Bb7 22. g5 Nd7 23. gxf6 gxf6 24. Bd3 Rh8 25.
Rxh8 Rxh8 26. a4 c5 27. dxc5 bxc5 28. Rb3 Bc6 29. Bxa6 c4 30. Rc3 Nc5 31. Bb5 Bxb5 32. axb5 Rb8 33. Nd4 e5 34. Nf5 Ke6 35. Ng7+ Kd7 36.
Nh5 Ke7 37. Ra3 Rxb5 38. Ra7+ Ke6 39. Ng7+ Kd6 40. Ne8+ Kc6 41. Nxf6 d4 42. exd4 exd4 43. g4 Rb1+ 44. Ke2 c3 45. Ra2 d3+ 46. Ke3 c2 47. g5 c1=Q+ 48. Kd4 Rb4+ 49. Ke5 Qxg5# 0-1

[Event "*** Titled Tuesday Blitz"]
[Site "Chess.com"]
[Date "2021.03.09"]
[Round "4"]
[White "DFeco"]
[Black "serhanberat_ozdemir"]
[Result "1-0"]
[WhiteElo "2297"]
[BlackElo "2561"]
[TimeControl "180+1"]
[EndTime "10:41:06 PST"]
[Termination "DFeco won by resignation"]

1. c4 Nf6 2. g3 g6 3. Bg2 Bg7 4. Nc3 O-O 5. e4 d6 6. Nge2 c5 7. O-O Nc6 8. d3 Ne8 9. Be3 Nc7 10. d4 cxd4 11. Nxd4 Bd7 12. Nde2 a6 13. Qd2 Rc8 14. Rac1 b5 15. Bb6 Rb8 16. Bxc7 Qxc7 17. cxb5 axb5 18.
Nd5 Qa7 19. b3 Rfe8 20. Kh1 Ra8 21. Rc2 Rac8 22. f4 Be6 23. Rfc1 Qb7 24. e5 Kf8 25. Nb4 Qa7 26. Nxc6 Qf2 27. Ned4 Qxd2 28. Nxe6+ fxe6 29. Rxd2 dxe5 30. fxe5 Bh6 31. Rf1+ Kg8 32. Rd7 Bg5 33. h4 Rxc6 34. Bxc6 Be3 35. Rd3 Rc8 36. Bd7 1-0

[Event "*** Titled Tuesday Blitz"]
[Site "Chess.com"]
[Date "2021.03.09"]
[Round "4"]
[White "Rud_Makarian"]
[Black "ukchessbomber"]
[Result "1-0"]
[WhiteElo "2818"]
[BlackElo "2537"]
[TimeControl "180+1"]
[EndTime "10:41:08 PST"]
[Termination "Rud_Makarian won on time"]

1. b3 Nf6 2. Bb2 g6 3. g4 Bg7 4. g5 Nh5 5. Bxg7 Nxg7 6. Nf3 O-O 7. c4 c5 8. Nc3 Nc6 9. h4 e6 10. Ne4 Nh5 11. Nxc5 d5 12. e3 e5 13. Be2 dxc4 14. bxc4 Qb6 15. Nb3 Bf5 16. d4 Nb4 17. Nxe5 Nc2+ 18. Kf1 Nxa1 19. Qxa1 a5 20. Bxh5 gxh5 21.
Nc5 Rfe8 22. Ned7 Bxd7 23. Nxd7 Qc6 24. Nf6+ Kf8 25. d5 Qxc4+ 26. Kg2 Red8 27. Qe5 Qc2 28. d6 Qg6 29. Rc1 Rac8 30. Qe7+ Kg7 31. Rxc8 Rxc8 32.
d7 Rc1 33. Qf8+ 1-0

[Event "*** Titled Tuesday Blitz"]
[Site "Chess.com"]
[Date "2021.03.09"]
[Round "4"]
[White "Konavets"]
[Black "pastouche06"]
[Result "1-0"]
[WhiteElo "2918"]
[BlackElo "2547"]
[TimeControl "180+1"]
[EndTime "10:41:10 PST"]
[Termination "Konavets won by resignation"]

1. d4 d5 2. Nf3 Nf6 3. c4 e6 4. e3 a6 5. b3 b6 6. Bb2 Bb7 7.
cxd5 exd5 8. Bd3 Nbd7 9. O-O Bd6 10. Nc3 O-O 11. Rc1 Qe7 12. Ne2 Ne4 13. Ng3 f5 14. Qc2 Rf7 15. b4 g5 16. a3 Re8 17. Qb3 Kh8 18.
Rc2 h6 19. Rfc1 Qe6 20. Rxc7 Bxc7 21. Rxc7 Ba8 22. Bxa6 Nxg3 23. hxg3 f4 24. exf4 gxf4 25. gxf4 Rxf4 26. Bb5 Rf7 27. Qe3 Qxe3 28. fxe3 Rd8 29. a4 Ne5 30. dxe5 Rxc7 31. e6+ Kg8 32. Be5 Re7 33.
Nd4 Rc8 34. Bf6 Rxe6 35. Nxe6 Rc3 36. Bxc3 1-0

[Event "*** Titled Tuesday Blitz"]
[Site "Chess.com"]
[Date "2021.03.09"]
[Round "4"]
[White "FMalexhdez"]
[Black "Arvids_Andrejevs"]
[Result "0-1"]
[WhiteElo "2177"]
[BlackElo "2410"]
[TimeControl "180+1"]
[EndTime "10:41:10 PST"]
[Termination "Arvids_Andrejevs won on time"]

1. e4 e5 2. Nf3 Nc6 3. Bc4 Nf6 4. d3 Be7 5. c3 O-O 6. Nbd2 d6 7. Nf1 a6 8. Bb3 h6 9. Ng3 Kh8 10. O-O Nh7 11. d4 exd4 12. cxd4 Bg4 13. Be3 Ng5 14. Bd5 Nxf3+ 15. gxf3 Bh3 16. Re1 f5 17. Qd2 f4 18.
Bxf4 Nxd4 19. Qxd4 Rxf4 20. Bxb7 Rb8 21. Bxa6 Rxf3 22.
Bf1 Bxf1 23. Rxf1 Bf6 24. Qd1 Rf4 25. Rb1 Be5 26. b3 Qh4 27. Kg2 Rbf8 28. f3 Qg5 29. Rc1 Rh4 30. Qe1 Rf6 31. Rxc7 Rg6 32. Rh1 Rxh2+ 33. Rxh2 Bxg3 34. Rc8+ Kh7 35. f4 Qxf4 0-1

[Event "*** Titled Tuesday Blitz"]
[Site "Chess.com"]
[Date "2021.03.09"]
[Round "4"]
[White "chessdjw"]
[Black "ChessWarrior7197"]
[Result "0-1"]
[WhiteElo "2737"]
[BlackElo "2923"]
[TimeControl "180+1"]
[EndTime "10:41:11 PST"]
[Termination "ChessWarrior7197 won on time"]

1. d4 d5 2. c4 e6 3. Nf3 Nf6 4.
g3 dxc4 5. Bg2 c5 6. O-O Nc6 7.
dxc5 Qxd1 8. Rxd1 Bxc5 9. Nbd2 c3 10. bxc3 O-O 11. Nb3 Be7 12. c4 Bd7 13. Bb2 Rfd8 14. Nfd4 Rac8 15. Nb5 b6 16. Nd6 Rc7 17. Rac1 Nb4 18.
Nb5 Bxb5 19. cxb5 Rxd1+ 20. Rxd1 Kf8 21. Be5 Rd7 22. Rc1 Nxa2 23. Rc8+ Rd8 24. Rc7 Bd6 25. Bxf6 Bxc7 26. Bxd8 Bxd8 27. Nd4 Nc3 28. e3 Bf6 29.
Bf1 Bxd4 30. exd4 Ke7 31. Kg2 Kd6 32. Bc4 Ne4 33. f4 g6 34. h4 h5 35. Ba2 Ke7 36.
Kf3 Nd6 37. Ke3 Nxb5 38. Kd3 Nc7 39. Bb3 Kd6 40. Kc4 b5+ 41. Kb4 Kc6 42. Ka5 Nd5 43.
Bd1 Ne3 44. Bf3+ Kd6 45. Kxb5 Nf5 46. Ka6 Nxd4 47. Bd1 Nf5 48. Kxa7 Nxg3 49. Kb7 Nf5 50. Kc8 Ke7 0-1

[Event "*** Titled Tuesday Blitz"]
[Site "Chess.com"]
[Date "2021.03.09"]
[Round "4"]
[White "Skatchkov_V"]
[Black "Mihnea2017"]
[Result "0-1"]
[WhiteElo "2614"]
[BlackElo "2491"]
[TimeControl "180+1"]
[EndTime "10:41:11 PST"]
[Termination "Mihnea2017 won by resignation"]

1. d4 Nf6 2. c4 e6 3. Nf3 d5 4. g3 dxc4 5. Bg2 c5 6. Qa4+ Bd7 7. Qxc4 Bc6 8. dxc5 Nbd7 9. b4 a5 10. O-O axb4 11.
Be3 Qa5 12. Nbd2 Bd5 13. Qc2 Bxc5 14. Nd4 Bxd4 15. Bxd4 O-O 16. Nb3 Qb5 17. e4 Rfc8 18. Qd2 Nxe4 19. Qf4 Nc3 20. Qg4 Ne2+ 21. Kh1 Bxg2+ 22.
Kxg2 Qd5+ 23. f3 Nxd4 24. Nxd4 Rc4 25. Rfd1 Ne5 26. Qe4 Qxe4 27. fxe4 h5 28. Rd2 Rd8 29. Rad1 Nc6 30. Nxc6 Rxd2+ 31. Rxd2 bxc6 32. Rd8+ Kh7 33. Kf3 Kg6 34. Ra8 c5 35. a3 Rc3+ 36. Kf4 Rxa3 37. Rc8 Rc3 38. h3 f6 39. e5 Rc4+ 0-1

[Event "*** Titled Tuesday Blitz"]
[Site "Chess.com"]
[Date "2021.03.09"]
[Round "4"]
[White "Mikasinski"]
[Black "Chessmasterzt"]
[Result "0-1"]
[WhiteElo "2470"]
[BlackElo "2627"]
[TimeControl "180+1"]
[EndTime "10:41:11 PST"]
[Termination "Chessmasterzt won by resignation"]

1. e4 c5 2. Nf3 Nc6 3. d4 cxd4 4. Nxd4 g6 5. Nc3 Bg7 6. Be3 Nf6 7. Bc4 Qa5 8. O-O O-O 9. Nb3 Qc7 10. f4 d6 11.
Be2 b6 12. g4 e6 13. Nb5 Qb8 14. Qxd6 Bb7 15. e5 Nd5 16. Bd2 Qc8 17. c4 Rd8 18.
Qa3 Bf8 19. Qa4 a6 20. cxd5 axb5 21. Qxb5 Rxd5 22. Qxb6 Nd4 23. Nxd4 Bc5 24. Qb3 Rxd4 25. Be3 Re4 26. Rf3 Rxe3 27. Rxe3 Qc6 28. Kf2 Qg2+ 29.
Ke1 Qg1+ 30. Kd2 Bxe3+ 31. Qxe3 Qxa1 0-1

[Event "*** Titled Tuesday Blitz"]
[Site "Chess.com"]
[Date "2021.03.09"]
[Round "4"]
[White "LionChessClub"]
[Black "drragnar1"]
[Result "1-0"]
[WhiteElo "2613"]
[BlackElo "2429"]
[TimeControl "180+1"]
[EndTime "10:41:11 PST"]
[Termination "LionChessClub won by resignation"]

1. e4 d6 2. d4 g6 3. Nc3 Bg7 4. f4 Nf6 5. Nf3 O-O 6. Bd3 Nc6 7. e5 dxe5 8. dxe5 Nh5 9. O-O f6 10. exf6 exf6 11. f5 Bxf5 12. Bxf5 Qxd1 13. Be6+ Kh8 14. Rxd1 f5 15. Bb3 Nf6 16. Ng5 Nd8 17. Be3 h6 18.
Rxd8 Raxd8 19. Nf7+ Rxf7 20. Bxf7 Ng4 21. Bf2 Rd2 22. Be1 Rxc2 23. h3 Ne3 24. Bf2 Bd4 25.
Rb1 Kg7 26. Bb3 Rd2 27. Re1 Bxc3 28. bxc3 Nd5 29. Bd4+ Rxd4 30. cxd4 1-0

[Event "*** Titled Tuesday Blitz"]
[Site "Chess.com"]
[Date "2021.03.09"]
[Round "4"]
[White "03revilo"]
[Black "SaqoChess_Twitch"]
[Result "0-1"]
[WhiteElo "2318"]
[BlackElo "2521"]
[TimeControl "180+1"]
[EndTime "10:41:11 PST"]
[Termination "SaqoChess_Twitch won by resignation"]

1. c4 Nf6 2. Nc3 g6 3. Nf3 Bg7 4. g3 O-O 5. Bg2 c5 6. O-O e6 7. d4 cxd4 8. Nxd4 Nc6 9. Ndb5 a6 10. Nd6 Ne8 11. Bf4 e5 12. Be3 Nd4 13. Nxe8 Rxe8 14. Nd5 d6 15. Bxd4 exd4 16. Re1 Bg4 17. h3 Bf5 18.
Qb3 Rb8 19. a4 Qa5 20. Qb6 Qxb6 21. Nxb6 d3 22. exd3 Bxd3 23. Rxe8+ Rxe8 24. Rd1 Bf5 25. Rxd6 Bxb2 26. Bxb7 Ba3 27. Rc6 Kg7 28. Nd5 Re1+ 29. Kh2 Be4 30. g4 Bc1 31. Rxa6 Rh1+ 32. Kg3 Rg1+ 33. Kh2 Rg2+ 34. Kh1 Rxg4+ 35. Kh2 Rg2+ 36. Kh1 Rxf2+ 37. Kg1 Rg2+ 38. Kh1 Bb2 39. Rb6 Bd4 40.
Nf4 Rg1+ 41. Kh2 Bxb6 42. Bxe4 Rf1 43. Nd5 Bc5 44. a5 Ra1 0-1

[Event "*** Titled Tuesday Blitz"]
[Site "Chess.com"]
[Date "2021.03.09"]
[Round "4"]
[White "SF-96"]
[Black "RD4ever"]
[Result "0-1"]
[WhiteElo "2544"]
[BlackElo "2894"]
[TimeControl "180+1"]
[EndTime "10:41:13 PST"]
[Termination "RD4ever won by resignation"]

1. e4 e5 2. Nf3 Nc6 3. Bb5 a6 4. Ba4 Nf6 5. O-O b5 6. Bb3 Bc5 7. c3 d6 8. d4 Bb6 9. a4 Rb8 10. axb5 axb5 11. Na3 O-O 12. Nxb5 Bg4 13. Bc2 Bxf3 14.
gxf3 Nh5 15. f4 Nxf4 16. Bxf4 exf4 17. Qg4 Ne7 18. Qxf4 f5 19. exf5 Qd7 20. Na3 Nxf5 21. Qg4 Rf6 22. Bxf5 Rxf5 23. Nc4 Qb5 24. Ne5 Rbf8 25. c4 Qe8 26. Nd3 h6 27. Kh1 Rg5 28.
Qh4 Qe2 29. Qh3 Qe4+ 30. f3 Qxd3 0-1

[Event "*** Titled Tuesday Blitz"]
[Site "Chess.com"]
[Date "2021.03.09"]
[Round "4"]
[White "Genghis_K"]
[Black "krzyzan94"]
[Result "1-0"]
[WhiteElo "2920"]
[BlackElo "2730"]
[TimeControl "180+1"]
[EndTime "10:41:14 PST"]
[Termination "Genghis_K won by checkmate"]

1. e4 g6 2. d4 Bg7 3. c4 c6 4. Nc3 d6 5. h3 a6 6. Nf3 Nd7 7. Be3 h6 8. Be2 b5 9. O-O b4 10. Na4 Qc7 11. a3 bxa3 12. Rxa3 Ngf6 13. Qc2 O-O 14.
b4 e5 15. dxe5 dxe5 16. Nc5 Nxc5 17. Bxc5 Re8 18. Rd1 Nd7 19. Bd6 Qb7 20. c5 Nf8 21. Rda1 Ne6 22. Bc4 Nd4 23. Nxd4 exd4 24. e5 Be6 25.
Bxe6 Rxe6 26. f4 Qxb4 27. Rb3 d3 28. Qxd3 Qxf4 29. Rf1 Qg5 30. Rb7 Bxe5 31. Rbxf7 Bxd6 32. cxd6 Rd8 33. d7 Qc5+ 34. Kh1 Rd6 35. Qe4 R8xd7 36.
Qe8# 1-0

[Event "*** Titled Tuesday Blitz"]
[Site "Chess.com"]
[Date "2021.03.09"]
[Round "4"]
[White "SchmakAttack"]
[Black "ajdemipopushi"]
[Result "0-1"]
[WhiteElo "2540"]
[BlackElo "2361"]
[TimeControl "180+1"]
[EndTime "10:41:17 PST"]
[Termination "ajdemipopushi won by checkmate"]

1. e4 c5 2. Nf3 g6 3. d4 cxd4 4.
Nxd4 Bg7 5. Nc3 Nc6 6. Be3 Nf6 7.
Bc4 O-O 8. Bb3 Ng4 9. Qxg4 Nxd4 10. Qd1 Nxb3 11. axb3 d6 12. Qd2 Be6 13. Bh6 Bxh6 14. Qxh6 Qc7 15. h4 f6 16. f4 Qc5 17. O-O-O a5 18.
f5 Bf7 19. fxg6 hxg6 20. Rh3 Rfc8 21. Rg3 a4 22. Rxg6+ Bxg6 23. Qxg6+ Kf8 24. Rd5 Qe3+ 25. Kb1 axb3 26. cxb3 Rxc3 27. bxc3 Qe1+ 28. Kb2 Qa1+ 29. Kc2 Ra2+ 30. Kd3 Qf1+ 31. Kd4 Rd2+ 32. Ke3 Qf2# 0-1

[Event "*** Titled Tuesday Blitz"]
[Site "Chess.com"]
[Date "2021.03.09"]
[Round "4"]
[White "Gabrielian_Artur"]
[Black "Grieve72"]
[Result "1-0"]
[WhiteElo "2804"]
[BlackElo "2531"]
[TimeControl "180+1"]
[EndTime "10:41:18 PST"]
[Termination "Gabrielian_Artur won on time"]

1. e4 c5 2. Nc3 e6 3. Nge2 Nc6 4. g3 d5 5. exd5 exd5 6. d4 cxd4 7. Nxd4 Nf6 8. Bg2 Bg4 9. Qd3 Bc5 10. Be3 Nxd4 11.
Bxd4 Qe7+ 12. Kf1 O-O 13. Re1 Qd6 14. h3 Bh5 15. Kg1 Bg6 16. Qd2 Rad8 17. Kh2 Ne4 18. Qe3 Bxd4 19. Qxd4 Nxc3 20. bxc3 b6 21. Re5 Qa3 22.
Bxd5 Rd7 23. Rhe1 Rdd8 24. R1e2 Qc1 25. h4 h5 26. c4 Kh7 27. c3 Rd7 28. Qe3 Qf1 29.
Re1 1-0